 Dungeon Crawl Stone Soup version 0.15.0-12-gccce430 (console) character file.

100 gw the Cudgeler (level 4, -2/49 HPs)
             Began as an Ogre Berserker on Sept 1, 2014.
             Was a Believer of Trog.
             Killed from afar by an orc wizard (6 damage)
             ... with a puff of flame
             ... on Level 3 of the Dungeon.
             The game lasted 00:00:54 (2058 turns).

gw the Cudgeler (Ogre Berserker)                    Turns: 2058, Time: 00:00:54

HP  -2/49        AC  5     Str 26      XL: 4   Next: 73%
MP   4/4         EV 10     Int  6      God: Trog [**....]
Gold 0           SH  0     Dex 10      Spells:  0 memorised,  3 levels left

rFire  . . .     SeeInvis .     g - +0 flail
rCold  . . .     Clarity  .     b - +0 animal skin
rNeg   + . .     rCorr    .     (shield restricted)
rPois  .         rRot     .     (helmet restricted)
rElec  .         Spirit   .     (no cloak)
SustAb .         Warding  .     (gloves unavailable)
rMut   .         Stasis   .     (boots unavailable)
Gourm  .                        (no amulet)
MR     .....                    a - ring of positive energy
                                d - +2 ring of strength

@: not resistant to hostile enchantments, very unstealthy
A: unfitting armour, yellow scales 1, breathe flames 1, strong 1, tough skin 1
a: Burn Spellbooks, Berserk, Trog's Hand, Renounce Religion, Breathe Fire


You were on level 3 of the Dungeon.
You worshipped Trog.
Trog was pleased with you.
You were near starving.

You visited 1 branch of the dungeon, and saw 3 of its levels.

Inventory:

Hand weapons
 g - a +0 flail (weapon)
Missiles
 e - 29 stones (quivered)
Armour
 b - a +0 animal skin (worn)
Magical devices
 h - a wand of teleportation (0)
Comestibles
 c - 3 meat rations
 f - 8 fruits
 k - a slice of pizza
Jewellery
 a - a ring of positive energy (right hand)
 d - a +2 ring of strength (left hand)
Potions
 i - 2 potions of mutation


   Skills:
 + Level 4.8 Fighting
 * Level 5.3 Maces & Flails
 + Level 1.6 Throwing
 + Level 3.4 Dodging


You had 3 spell levels left.
You didn't know any spells.

Dungeon Overview and Level Annotations

Branches:
Dungeon (3/15)

Altars:
Kikubaaqudgha


Innate Abilities, Weirdness & Mutations

You are too large for most types of armour.
You have tough skin (AC +1).
You are partially covered in yellow scales (AC +2).
You can breathe flames.
Your muscles are strong. (Str +2)


Message History

The puff of flame hits you!
MOVING TO (-7,0)
The magic dart hits you!
MOVING TO (-6,0) MOVING TO (-5,0)
You feel the effects of Trog's Hand fading.
MOVING TO (-4,0) MOVING TO (-3,0)
The puff of flame hits you!
MOVING TO (-2,0) MOVING TO (-1,0) MOVING TO (-2,0)
Your skin stops crawling.
You feel less resistant to hostile enchantments.
MOVING TO (-1,0)
The puff of flame hits you!
Found 5 gold pieces.
ATTACKING (-1,0)
The puff of flame hits you!
You die...

. #.#..#(####.... ....
#.#..))........
.....###....%.........
.$.(.....((............
........((..............
#....[.####.............
#...... #.........>...
##......####.............
........O................
############.............
#.............
#.......).....
####.$........
#....[..... ##........#
##......## ########


There were no monsters in sight!

Table legend:
 A = Turns spent in this place as a percentage of turns spent in the entire game.
 B = Non-inter-level travel turns spent in this place as a percentage of non-inter-level travel turns spent in the entire game.
 C = Inter-level travel turns spent in this place as a percentage of turns spent in this place.
 D = Turns resting spent in this place as a percentage of non-inter-level travel turns spent in this place.
 E = Turns spent auto-exploring this place as a percentage of non-inter-level travel turns spent in this place.
 F = Non-inter-level travel turns spent in this place divided by the number of levels of this place that you've seen.
                   A       B       C       D       E      F
               +-------+-------+-------+-------+-------+----------------------
         Total | 100.0 | 100.0 |   1.3 |   9.5 |  21.3 | 147.0
       Dungeon | 100.0 | 100.0 |   1.3 |   9.5 |  21.3 | 147.0
               +-------+-------+-------+-------+-------+----------------------

Table legend:
 A = Kills in this place as a percentage of kills in entire the game.
 B = Kills by you in this place as a percentage of kills by you in the entire game.
 C = Kills by friends in this place as a percentage of kills by friends in the entire game.
 D = Other kills in this place as a percentage of other kills in the entire game.
 E = Experience gained in this place as a percentage of experience gained in the entire game.
 F = Experience gained in this place divided by the number of levels of this place that you have seen.
                   A       B       C       D       E      F
               +-------+-------+-------+-------+-------+----------------------
         Total | 100.0 | 100.0 |  -nan |  -nan | 100.0 |  47.7
       Dungeon | 100.0 | 100.0 |  -nan |  -nan | 100.0 |  47.7
               +-------+-------+-------+-------+-------+----------------------

Vanquished Creatures
  An orc priest (D:3)
  A gnoll (D:1)
  An adder (D:3)
  A worm (D:2)
  3 giant geckos
  2 orcs (D:3)
  2 bats (D:2)
  A bat zombie (D:2)
  2 giant cockroaches
  5 hobgoblins
  A giant newt (D:2)
  7 goblins
  6 kobolds
  16 rats
  2 rat zombies (D:2)
51 creatures vanquished.

Notes
Turn   | Place    | Note
--------------------------------------------------------------
     0 | D:1      | gw, the Ogre Berserker, began the quest for the Orb.
     0 | D:1      | Reached XP level 1. HP: 24/24 MP: 1/1
   345 | D:1      | Reached XP level 2. HP: 28/32 MP: 2/2
   844 | D:1      | Reached XP level 3. HP: 36/40 MP: 3/3
   882 | D:1      | Acquired Trog's second power
   916 | D:1      | Gained mutation: You can breathe flames. [potion of mutation]
   916 | D:1      | Gained mutation: Your muscles are strong. (Str +2) [potion of mutation]
   916 | D:1      | Gained mutation: You are partially covered in yellow scales (AC +2). [potion of mutation]
   938 | D:2      | Reached skill level 1 in Throwing
  1566 | D:2      | Found an ancient bone altar of Kikubaaqudgha.
  1711 | D:3      | Reached skill level 5 in Maces & Flails
  1740 | D:3      | Reached XP level 4. HP: 39/49 MP: 4/4
  2058 | D:3      | Killed from afar by an orc wizard

Action                   |  1- 3 |  4- 6 || total
-------------------------+-------+-------++-------
Melee: Mace              |    36 |       ||    36
       Flail             |    47 |    12 ||    59
Throw: Stone             |    94 |    12 ||   106
Invok: Berserk           |     1 |       ||     1
       Trog's Hand       |     1 |     1 ||     2
Evoke: Wand              |     2 |       ||     2
  Use: Scroll            |     5 |       ||     5
       Potion            |     2 |       ||     2
  Eat: Chunk             |     3 |       ||     3

Vault maps used:
D:1:      dpeg_arrival_rooms_c
D:2:      lemuel_zombie_altar_kikubaaqudgha
D:3:      first_bread, nrook_mini_vaults, lemuel_another_geyser
